 Dungeon Crawl Stone Soup version 0.20-a0-537-g052e6ba (webtiles) character file.

109 Rhoefr the Cutter (level 5, -1/35 HPs)
             Began as a Halfling Fighter on Jan 28, 2017.
             Killed from afar by an orc wizard (8 damage)
             ... with a magic dart
             ... on level 3 of the Dungeon.
             The game lasted 00:05:12 (2210 turns).

Rhoefr the Cutter (Halfling Fighter)                Turns: 2210, Time: 00:05:12

Health: -1/35      AC:  8    Str: 17    XL:     5   Next: 13%
Magic:  5/5        EV:  8    Int:  6    God:
Gold:   84         SH:  0    Dex: 15    Spells: 4/4 levels left

rFire    . . .     SeeInvis .   a - +0 rapier
rCold    . . .     Gourm    .   b - +0 scale mail
rNeg     . . .     Faith    .   c - +0 shield
rPois    .         Spirit   .   (no helmet)
rElec    .         Reflect  .   (no cloak)
rCorr    .         Harm     .   q - +0 pair of gloves
MR       .....                  (no boots)
Stlth    ..........             (no amulet)
Regen    0.2/turn               (no ring)
                                (no ring)

@: confused
A: mutation resistance 1
a: no special abilities


You were on level 3 of the Dungeon.
You were not hungry.

You visited 1 branch of the dungeon, and saw 3 of its levels.

You collected 84 gold pieces.

Inventory:

Hand Weapons
 a - a +0 rapier (weapon)
Missiles
 t - a throwing net (quivered)
Armour
 b - a +0 scale mail (worn)
 c - a +0 shield (worn)
 q - a +0 pair of gloves (worn)
Scrolls
 g - 3 scrolls of identify {unknown}
 h - a scroll of recharging {unknown}
 k - 2 scrolls of random uselessness {unknown}
 m - a scroll of remove curse
 p - a scroll of blinking
 r - a scroll of enchant armour {unknown}
Potions
 d - 2 potions of might
 e - a potion of degeneration {unknown}
 j - 5 potions of magic {unknown}
 l - 3 potions of heal wounds {unknown}
 o - a potion of curing {unknown}
 s - a potion of flight {unknown}
Comestibles
 f - 3 bread rations
 i - 3 meat rations
 n - a royal jelly


   Skills:
 - Level 2.6 Fighting
 * Level 4.8 Short Blades
 - Level 3.2 Armour
 - Level 3.1 Stealth
 - Level 3.2 Shields


You had 4 spell levels left.
You didn't know any spells.

Dungeon Overview and Level Annotations

Branches:
Dungeon (3/15)

Altars:
Qazlal


Innate Abilities, Weirdness & Mutations

You are small and have problems with some larger weapons.
You are somewhat resistant to further mutation.


Message History

* * * LOW HITPOINT WARNING * * *
Your shield prevents you from hitting the orc.
The orc is almost dead.
The orc closely misses you.
You hit the orc.
You kill the orc!
You hit something. Something hits you but does no damage.
You hit something. You block something's attack.
You miss something. Something hits you but does no damage.
You hit something.
The orc priest looks encouraged for a moment.
Something hits you but does no damage.
You miss something.
You hear some strange, mumbled words.
You are confused.
You bump into the rock wall.
You hear some strange, mumbled words.
A magic dart appears from out of thin air!
The magic dart hits you!
You die...

##(## ..... ..# #.#
........# #.# .......# ##'##
. #...#.# ##...## ..##...#.#
##.....## ## #........#
##.......## ##.
##......o####.........####..
........oo)@+.........'.....
#.#.#..o####.........####..
.#.##..# ##.......######รท
.#.##.# ##.....###.....
..##.# ##...## #.#... #
#.##.# ##+## #.#.##
#.##.##.# #.# #.#..>
#.......# #.# #.#.##
####.#### ##.## #.....


You could see an orc priest and 3 orcs.

Vanquished Creatures
  A crimson imp (D:3)
  2 adders (D:2)
  A worm (D:2)
  A dart slug (D:1)
  3 leopard geckos
  An orc (D:3)
  2 giant cockroaches
  4 goblins
  5 hobgoblins
  5 jackals (D:2)
  6 kobolds
  A quokka (D:3)
  4 bats
  4 frilled lizards (D:1)
  4 rats
44 creatures vanquished.

Notes
Turn   | Place    | Note
-------+----------+-------------------------------------------
     0 | D:1      | Rhoefr the Halfling Fighter began the quest for the Orb.
     0 | D:1      | Reached XP level 1. HP: 15/15 MP: 1/1
    88 | D:1      | Reached skill level 1 in Stealth
   119 | D:1      | Reached XP level 2. HP: 20/20 MP: 2/2
   405 | D:1      | Reached skill level 3 in Short Blades
   768 | D:2      | Reached XP level 3. HP: 25/25 MP: 3/3
   946 | D:2      | Reached XP level 4. HP: 8/30 MP: 4/4
   955 | D:2      | Reached skill level 4 in Short Blades
  1900 | D:3      | Reached XP level 5. HP: 35/35 MP: 5/5
  1935 | D:3      | Found a stormy altar of Qazlal.
  2210 | D:3      | Killed from afar by an orc wizard

Vault maps used:
D:1:      wheals_arrival_shading
D:2:      minmay_surrounded
D:3:      first_bread, grunt_qazlal_clouds

Skill      XL: |  1  2  3  4 |
---------------+-------------+-----
Stealth        | 1 2 3 |  3.1
Short Blades   | 3 4 |  4.8
Fighting       | |  2.6
Armour         | |  3.2
Shields        | |  3.2

Action                   |  1- 3 |  4- 6 || total
-------------------------+-------+-------++-------
Melee: Rapier            |    92 |    69 ||   161
  Use: Scroll            |       |     3 ||     3
  Eat: Chunk             |       |     4 ||     4
Armor: Scale mail        |    31 |    32 ||    63
Dodge: Dodged            |    28 |    24 ||    52
Block: Shield            |    42 |    28 ||    70
